[Event "XLV Sevilla Open 2020"]
[Site "Sevilla"]
[Date "2020.01.10"]
[Round "1.8"]
[White "Shariyazdanov, Andrey"]
[Black "Badier Carave, David Olivier"]
[Result "1-0"]
[ECO "A56"]
[WhiteElo "2519"]
[BlackElo "1772"]
[Annotator "RC"]
[PlyCount "49"]
[EventDate "2020.01.05"]
[EventType "swiss"]
[EventCountry "ESP"]
[SourceTitle "playchess.com"]
[Source "ChessBase"]
[SourceQuality "1"]
[TimeControl "5400+30"]

1. d4 Nf6 2. c4 c5 3. Nf3 cxd4 4. Nxd4 e5 5. Nb5 d5 6. cxd5 Bc5 7. N5c3 O-O 8. e3 e4 9. Be2 Bf5 10. Nd2 Re8 11. Nb3 Bb6 12. O-O Nbd7 13. Nd4 Bg6 14. f4 exf3 15. gxf3 Rc8 16. e4 Bxe4 17. fxe4 Nxe4 18. Bf3 Qh4 19. Nxe4 Rxe4 20. Bxe4 Qxe4 21. Rf4 Qe5 22. Kf1 Rxc1 23. Qxc1 Bxd4 24. Qc8+ Nf8 25. Qf5 1-0

[Event "XLV Sevilla Open 2020"]
[Site "Sevilla"]
[Date "2020.01.10"]
[Round "1.9"]
[White "Munoz Mesa, Miguel Angel"]
[Black "Matamoros Franco, Carlos S."]
[Result "0-1"]
[ECO "A05"]
[WhiteElo "1771"]
[BlackElo "2487"]
[Annotator "ChessBase"]
[PlyCount "60"]
[EventDate "2020.01.05"]
[EventType "swiss"]
[EventCountry "ESP"]
[SourceTitle "playchess.com"]
[Source "ChessBase"]
[SourceQuality "1"]
[TimeControl "5400+30"]

1. Nf3 Nf6 2. Nc3 d5 3. d4 e6 4. a3 c5 5. Bg5 h6 6. Bh4 cxd4 7. Nxd4 e5 8. Bxf6 gxf6 9. Nb3 d4 10. Ne4 f5 11. Ng3 a5 12. e4 dxe3 13. Qxd8+ Kxd8 14. O-O-O+ Kc7 15. fxe3 Be6 16. Nd2 h5 17. e4 f4 18. Nf5 Nd7 19. Bc4 Nf6 20. Bxe6 fxe6 21. Nh4 Ng4 22. Rde1 Bc5 23. Nhf3 Rhg8 24. g3 Raf8 25. gxf4 exf4 26. e5 Be3 27. Rhf1 Rf5 28. Kd1 Rd8 29. Ke2 Bxd2 30. Nxd2 Rxe5+ 0-1

[Event "XLV Sevilla Open 2020"]
[Site "Sevilla"]
[Date "2020.01.11"]
[Round "2.12"]
[White "Perez Bolanos, Joel"]
[Black "Alsina Leal, Daniel"]
[Result "0-1"]
[ECO "B23"]
[WhiteElo "1965"]
[BlackElo "2465"]
[Annotator "ChessBase"]
[PlyCount "72"]
[EventDate "2020.01.05"]
[EventType "swiss"]
[EventCountry "ESP"]
[SourceTitle "playchess.com"]
[Source "ChessBase"]
[SourceQuality "1"]
[TimeControl "5400+30"]

1. e4 c5 2. Nc3 d6 3. f4 Nc6 4. Bb5 Bd7 5. Nf3 g6 6. O-O Bg7 7. d3 Nf6 8. Bxc6 Bxc6 9. Qe1 Qd7 10. f5 gxf5 11. exf5 Qxf5 12. Nd4 Qd7 13. Nxc6 Qxc6 14. Bg5 Rg8 15. Qe2 Kd7 16. Rae1 Rae8 17. Bxf6 Bxf6 18. Ne4 Bd4+ 19. Kh1 d5 20. Nd2 Bf6 21. c4 dxc4 22. dxc4 Rg7 23. Rxf6 Qxf6 24. Ne4 Qc6 25. Rd1+ Kc8 26. Rd5 b6 27. Qf3 Rd8 28. Nc3 Rxd5 29. Nxd5 Kb7 30. Qf4 e6 31. Qf6 exd5 32. Qxg7 Qg6 33. Qxg6 fxg6 34. cxd5 Kc7 35. Kg1 Kd6 36. Kf2 Kxd5 0-1

[Event "XLV Sevilla Open 2020"]
[Site "Sevilla"]
[Date "2020.01.11"]
[Round "2.13"]
[White "Ravi, Teja S."]
[Black "Herrera Oliva, Enrique"]
[Result "1-0"]
[ECO "A81"]
[WhiteElo "2464"]
[BlackElo "1961"]
[Annotator "ChessBase"]
[PlyCount "53"]
[EventDate "2020.01.05"]
[EventType "swiss"]
[EventCountry "ESP"]
[SourceTitle "playchess.com"]
[Source "ChessBase"]
[SourceQuality "1"]
[TimeControl "5400+30"]

1. d4 f5 2. g3 Nf6 3. Bg2 g6 4. Nf3 Bg7 5. O-O O-O 6. b3 e6 7. Bb2 d6 8. c4 Qe7 9. Nc3 a5 10. Re1 Ne4 11. Qd3 Nxc3 12. Bxc3 Nc6 13. e4 f4 14. e5 g5 15. h4 fxg3 16. fxg3 gxh4 17. gxh4 dxe5 18. Ng5 Rf5 19. Bh3 Rxg5+ 20. hxg5 Qxg5+ 21. Kh1 exd4 22. Rg1 Qh4 23. Rg4 Ne5 24. Rxg7+ Kh8 25. Rag1 Bd7 26. Bxd4 Bc6+ 27. R7g2 1-0

[Event "XLV Sevilla Open 2020"]
[Site "Sevilla"]
[Date "2020.01.11"]
[Round "2.14"]
[White "Skalli, Taoufik"]
[Black "Das, Arghyadip"]
[Result "0-1"]
[ECO "B28"]
[WhiteElo "1961"]
[BlackElo "2451"]
[Annotator "ChessBase"]
[PlyCount "56"]
[EventDate "2020.01.05"]
[EventType "swiss"]
[EventCountry "ESP"]
[SourceTitle "playchess.com"]
[Source "ChessBase"]
[SourceQuality "1"]
[TimeControl "5400+30"]

1. e4 c5 2. Nf3 a6 3. d4 cxd4 4. Nxd4 Nf6 5. Nc3 e5 6. Nf3 Bb4 7. Be2 Nxe4 8. O-O Bxc3 9. bxc3 d6 10. Ba3 Qc7 11. c4 Nd7 12. Re1 Ndc5 13. Bd3 Nf6 14. Qd2 O-O 15. Nh4 Nh5 16. Qg5 Nf4 17. Rad1 f6 18. Qg3 Kh8 19. Bxc5 dxc5 20. Be4 Be6 21. Bd5 Rad8 22. Qf3 Qf7 23. Bxb7 Bxc4 24. Rxd8 Rxd8 25. Rd1 Rxd1+ 26. Qxd1 Qxb7 27. Qd8+ Bg8 28. g3 Qb1+ 0-1

[Event "XLV Sevilla Open 2020"]
[Site "Sevilla"]
[Date "2020.01.11"]
[Round "2.15"]
[White "Panjwani, Raja"]
[Black "Manukonda, Arun"]
[Result "1-0"]
[ECO "D11"]
[WhiteElo "2444"]
[BlackElo "1959"]
[Annotator "ChessBase"]
[PlyCount "71"]
[EventDate "2020.01.05"]
[EventType "swiss"]
[EventCountry "ESP"]
[SourceTitle "playchess.com"]
[Source "ChessBase"]
[SourceQuality "1"]
[TimeControl "5400+30"]

1. d4 d5 2. c4 c6 3. Nf3 Nf6 4. Qb3 Qb6 5. Nc3 Bf5 6. cxd5 Qxb3 7. axb3 Nxd5 8. e3 Nb4 9. Kd2 e6 10. e4 Bg6 11. h4 h6 12. Ne5 Bh7 13. f3 Bd6 14. Nc4 Bc7 15. Na2 N8a6 16. Kc3 c5 17. dxc5 Nxa2+ 18. Rxa2 Nxc5 19. Be3 b6 20. Bxc5 bxc5 21. Bd3 O-O 22. Rha1 Bg3 23. h5 f5 24. Rxa7 Rxa7 25. Rxa7 fxe4 26. fxe4 Kh8 27. Re7 Bg8 28. e5 Bh4 29. Rc7 Bf2 30. Bg6 Rd8 31. Kc2 Bd4 32. Rc6 Rf8 33. Kd3 Rb8 34. Ke4 Rxb3 35. Rc8 Rg3 36. Nd6 1-0

[Event "XLV Sevilla Open 2020"]
[Site "Sevilla"]
[Date "2020.01.11"]
[Round "2.16"]
[White "Hurtado Rueda, Manuel"]
[Black "Chen, Qi b"]
[Result "0-1"]
[ECO "B50"]
[WhiteElo "1955"]
[BlackElo "2432"]
[Annotator "ChessBase"]
[PlyCount "76"]
[EventDate "2020.01.05"]
[EventType "swiss"]
[EventCountry "ESP"]
[SourceTitle "playchess.com"]
[Source "ChessBase"]
[SourceQuality "1"]
[TimeControl "5400+30"]

1. e4 c5 2. Nf3 d6 3. Bc4 Nf6 4. Qe2 Nc6 5. h3 e6 6. O-O a6 7. a4 Be7 8. d4 cxd4 9. Rd1 Qb6 10. c3 dxc3 11. Nxc3 O-O 12. Be3 Qa5 13. Bf4 Rd8 14. Rac1 Ne5 15. Nd2 Bd7 16. Nb3 Qb4 17. Rd4 Nxc4 18. Qxc4 Qxc4 19. Rxc4 b5 20. axb5 axb5 21. Rc7 b4 22. Ne2 Nxe4 23. f3 Nf6 24. Rb7 Nd5 25. Bd2 Rab8 26. Ra7 Ra8 27. Rb7 Bc8 28. Rxb4 Nxb4 29. Bxb4 Bd7 30. Rd1 Rab8 31. Ba5 Rxb3 32. Bxd8 Bxd8 33. Rxd6 Rb7 34. Nc3 Kf8 35. b3 Ke7 36. Rd3 Bc6 37. Ne4 Bxe4 38. fxe4 Rb4 0-1

[Event "XLV Sevilla Open 2020"]
[Site "Sevilla"]
[Date "2020.01.11"]
[Round "2.17"]
[White "Pap, Misa"]
[Black "Gentes Benito, Mauricio"]
[Result "1-0"]
[ECO "B43"]
[WhiteElo "2427"]
[BlackElo "1951"]
[Annotator "ChessBase"]
[PlyCount "51"]
[EventDate "2020.01.05"]
[EventType "swiss"]
[EventCountry "ESP"]
[SourceTitle "playchess.com"]
[Source "ChessBase"]
[SourceQuality "1"]
[TimeControl "5400+30"]

1. e4 c5 2. Nf3 e6 3. d4 cxd4 4. Nxd4 a6 5. Nc3 Qc7 6. Qf3 Nc6 7. Be3 Nf6 8. O-O-O Ne5 9. Qg3 d6 10. f4 Neg4 11. Bg1 b5 12. a3 Bd7 13. h3 Nh6 14. Qf3 Rc8 15. Bd3 Be7 16. g4 e5 17. Nde2 Nhxg4 18. hxg4 Bxg4 19. Qg3 h5 20. Rd2 Qa5 21. fxe5 b4 22. axb4 Qa1+ 23. Nb1 Nd7 24. exd6 Bf6 25. Bd4 Bxe2 26. Bxe2 1-0

[Event "XLV Sevilla Open 2020"]
[Site "Sevilla"]
[Date "2020.01.15"]
[Round "6.15"]
[White "Corbalan Gomez, Juan Jose"]
[Black "Soumya, Swaminathan"]
[Result "1-0"]
[ECO "B66"]
[WhiteElo "2243"]
[BlackElo "2384"]
[Annotator "ChessBase"]
[PlyCount "87"]
[EventDate "2020.01.05"]
[EventType "swiss"]
[EventCountry "ESP"]
[SourceTitle "playchess.com"]
[Source "ChessBase"]
[SourceQuality "1"]
[TimeControl "5400+30"]

1. e4 c5 2. Nf3 d6 3. d4 cxd4 4. Nxd4 Nf6 5. Nc3 Nc6 6. Bg5 e6 7. Qd2 a6 8. f3 h6 9. Be3 d5 10. exd5 Nxd5 11. Nxd5 Qxd5 12. Nxc6 Qxd2+ 13. Bxd2 bxc6 14. Bd3 Bd6 15. O-O-O Bb7 16. Bc3 Bf4+ 17. Kb1 O-O 18. g3 Bc7 19. Be2 c5 20. Rhf1 Bd5 21. f4 Rfd8 22. Rd2 c4 23. Bf3 Bxf3 24. Rxf3 e5 25. fxe5 Bxe5 26. Kc1 Bc7 27. Rd4 Rxd4 28. Bxd4 Rd8 29. c3 Rd5 30. Re3 Kf8 31. b3 cxb3 32. axb3 Bd6 33. Kc2 f5 34. Kd3 Kf7 35. b4 Rb5 36. Re2 Rb8 37. Ra2 Ra8 38. b5 a5 39. c4 Bb4 40. c5 g5 41. b6 Ke6 42. Kc4 Kd7 43. Kb5 Rd8 44. c6+ 1-0

[Event "XLV Sevilla Open 2020"]
[Site "Sevilla"]
[Date "2020.01.16"]
[Round "7.10"]
[White "Das, Arghyadip"]
[Black "Corbalan Gomez, Juan Jose"]
[Result "1-0"]
[ECO "B38"]
[WhiteElo "2451"]
[BlackElo "2243"]
[Annotator "RC"]
[PlyCount "115"]
[EventDate "2020.01.05"]
[EventType "swiss"]
[EventCountry "ESP"]
[SourceTitle "playchess.com"]
[Source "ChessBase"]
[SourceQuality "1"]
[TimeControl "5400+30"]

1. e4 c5 2. Nf3 Nc6 3. d4 cxd4 4. Nxd4 g6 5. c4 Bg7 6. Be3 Nf6 7. Nc3 O-O 8. Be2 d6 9. f3 Nxd4 10. Bxd4 Be6 11. O-O Qa5 12. Kh1 Rfc8 13. b3 Nd7 14. f4 Bxd4 15. Qxd4 f6 16. f5 Bf7 17. fxg6 hxg6 18. Bg4 Rd8 19. Bxd7 Rxd7 20. Nd5 Qc5 21. Qc3 Bxd5 22. exd5 Qc8 23. Rae1 Qf8 24. Qh3 Rc7 25. Re4 Qg7 26. Rfe1 b6 27. a4 Rf8 28. Qe3 Rf7 29. h4 Kh7 30. Qh3 Qh6 31. h5 Kg7 32. hxg6 Qxh3+ 33. gxh3 Kxg6 34. Rg4+ Kh7 35. Reg1 Kh8 36. Rg8+ Kh7 37. Kh2 Rb7 38. R8g4 Kh8 39. Kg3 Rg7 40. Kf4 Rxg4+ 41. Rxg4 Kh7 42. Kf5 Rc7 43. Ke6 Rb7 44. Kf7 Kh6 45. Rg8 Kh5 46. Ke6 Kh6 47. Re8 Kg6 48. Rxe7 Rxe7+ 49. Kxe7 f5 50. Kxd6 f4 51. Kc7 f3 52. d6 f2 53. d7 f1=Q 54. d8=Q Qxh3 55. Qd6+ Kh5 56. b4 Qb3 57. c5 Qxa4 58. c6 1-0

[Event "XLV Sevilla Open 2020"]
[Site "Sevilla"]
[Date "2020.01.16"]
[Round "7.16"]
[White "Gu, Tianlu"]
[Black "Pozo Prior, Jose Antonio"]
[Result "1-0"]
[ECO "B38"]
[WhiteElo "2255"]
[BlackElo "2016"]
[Annotator "RC"]
[PlyCount "58"]
[EventDate "2020.01.05"]
[EventType "swiss"]
[EventCountry "ESP"]
[SourceTitle "playchess.com"]
[Source "ChessBase"]
[SourceQuality "1"]
[TimeControl "5400+30"]

1. e4 c5 2. Nf3 g6 3. c4 Bg7 4. d4 cxd4 5. Nxd4 Nc6 6. Be3 Nf6 7. Nc3 O-O 8. Be2 d6 9. O-O Bd7 10. h3 Rc8 11. f4 Nxd4 12. Bxd4 Bc6 13. Qc2 b5 14. cxb5 Bxe4 15. Qa4 Bb7 16. Qxa7 Qd7 17. Qa4 Ne8 18. Rad1 Nc7 19. Bxg7 Kxg7 20. Qd4+ Kg8 21. a4 Ne6 22. Qe3 Qc7 23. Bg4 Qc4 24. a5 Qb3 25. Rd2 Ra8 26. a6 Bc8 27. Bf3 Bd7 28. Bxa8 Rxa8 29. Qe4 Bc8 1-0

[Event "XLV Sevilla Open 2020"]
[Site "Sevilla"]
[Date "2020.01.17"]
[Round "8.3"]
[White "Gagare, Shardul"]
[Black "Li, Di"]
[Result "0-1"]
[ECO "C50"]
[WhiteElo "2481"]
[BlackElo "2562"]
[Annotator "RC"]
[PlyCount "160"]
[EventDate "2020.01.05"]
[EventType "swiss"]
[EventCountry "ESP"]
[SourceTitle "playchess.com"]
[Source "ChessBase"]
[SourceQuality "1"]
[TimeControl "5400+30"]

1. e4 e5 2. Bc4 Nf6 3. d3 Nc6 4. Nf3 Bc5 5. c3 O-O 6. Nbd2 d6 7. h3 a5 8. O-O h6 9. Re1 Be6 10. Bb5 Qb8 11. Nf1 Qa7 12. d4 exd4 13. Bxc6 bxc6 14. cxd4 Bb6 15. Ng3 Rfe8 16. a4 Rab8 17. Ra3 Qa6 18. Bxh6 gxh6 19. Qd2 Kg7 20. Nh4 Rg8 21. d5 cxd5 22. exd5 Bxd5 23. Qc3 Bxf2+ 24. Kxf2 Qb6+ 25. Kf1 Kh7 26. Qxf6 Bc4+ 27. Ne2 Qxb2 28. Qf5+ Kh8 29. Qf4 Rg5 30. Re3 Rb4 31. Qf2 Rxa4 32. Nf3 Rg6 33. Kg1 Be6 34. Kh2 Rc4 35. Rd3 Qf6 36. Ned4 Bd5 37. Qd2 a4 38. Re8+ Kh7 39. Re2 Kg8 40. Re8+ Kh7 41. Re2 Kg8 42. Rc3 Rxc3 43. Qxc3 Bxf3 44. Re8+ Kh7 45. Qxf3 Qxd4 46. Re7 Rf6 47. Rxf7+ Kg6 48. Rxf6+ Qxf6 49. Qg4+ Kf7 50. Qd7+ Qe7 51. Qf5+ Kg7 52. Qg4+ Qg5 53. Qxa4 Qe5+ 54. Kg1 c5 55. Qg4+ Kf6 56. Qh4+ Qg5 57. Qf2+ Ke5 58. Qe2+ Kf6 59. Qf2+ Ke6 60. Qe2+ Qe5 61. Qc4+ Ke7 62. Qh4+ Qf6 63. Qe4+ Kd8 64. Qa8+ Kc7 65. Qa7+ Kc6 66. Qa6+ Kd5 67. Qb7+ Kc4 68. Qa6+ Kb4 69. Qb6+ Kc3 70. Qa5+ Kd3 71. Qb5+ Kd2 72. Qa5+ Qc3 73. Qa2+ Kc1 74. Qe6 Qd4+ 75. Kh1 c4 76. Qxh6+ Kb2 77. Qh5 c3 78. Qb5+ Kc1 79. Qg5+ Qd2 80. Qg3 Kb2 0-1

[Event "XLV Sevilla Open 2020"]
[Site "Sevilla"]
[Date "2020.01.17"]
[Round "8.4"]
[White "Das, Arghyadip"]
[Black "Shariyazdanov, Andrey"]
[Result "1/2-1/2"]
[ECO "B32"]
[WhiteElo "2451"]
[BlackElo "2519"]
[Annotator "ChessBase"]
[PlyCount "72"]
[EventDate "2020.01.05"]
[EventType "swiss"]
[EventCountry "ESP"]
[SourceTitle "playchess.com"]
[Source "ChessBase"]
[SourceQuality "1"]
[TimeControl "5400+30"]

1. e4 c5 2. Nf3 Nc6 3. d4 cxd4 4. Nxd4 e5 5. Nb5 d6 6. c4 Be7 7. N5c3 Nf6 8. Bd3 O-O 9. O-O Nd7 10. Nd5 Bg5 11. Nbc3 Nc5 12. b4 Bxc1 13. Rxc1 Ne6 14. Bb1 a5 15. a3 axb4 16. axb4 Ncd4 17. Kh1 Qg5 18. g3 Qd8 19. f4 Nc7 20. Nb6 Ra6 21. fxe5 dxe5 22. c5 Bh3 23. Rf2 Qg5 24. Ba2 h5 25. Bc4 Ra3 26. Nbd5 Nxd5 27. exd5 h4 28. Qd2 Qh5 29. Qd3 Bf5 30. Qe3 hxg3 31. Qxg3 Be4+ 32. Nxe4 Rxg3 33. Nxg3 Qg5 34. Re1 g6 35. d6 Kg7 36. Bd5 f6 1/2-1/2

[Event "XLV Sevilla Open 2020"]
[Site "Sevilla"]
[Date "2020.01.17"]
[Round "8.7"]
[White "Harutyunian, Tigran K."]
[Black "Campora, Daniel H."]
[Result "0-1"]
[ECO "A16"]
[WhiteElo "2533"]
[BlackElo "2420"]
[Annotator "ChessBase"]
[PlyCount "98"]
[EventDate "2020.01.05"]
[EventType "swiss"]
[EventCountry "ESP"]
[SourceTitle "playchess.com"]
[Source "ChessBase"]
[SourceQuality "1"]
[TimeControl "5400+30"]

1. c4 Nf6 2. Nc3 e5 3. Nf3 d6 4. g3 Be7 5. Bg2 O-O 6. d4 Nbd7 7. O-O c6 8. Qc2 Re8 9. b3 Bf8 10. e4 a6 11. Rd1 Qc7 12. h3 h6 13. Be3 b5 14. Rac1 b4 15. Ne2 c5 16. d5 a5 17. g4 Nh7 18. Ng3 a4 19. g5 hxg5 20. Nxg5 Nxg5 21. Bxg5 g6 22. Kh2 Bg7 23. Rg1 Nf8 24. Qd2 Nh7 25. Bh6 Qe7 26. Rcf1 axb3 27. axb3 Ra3 28. Bxg7 Kxg7 29. Qb2 Qh4 30. f4 Nf6 31. Rf3 Rh8 32. Rgf1 Kg8 33. fxe5 Ng4+ 34. Kg1 Nxe5 35. Qf2 Qe7 36. Re3 Bxh3 37. Nf5 Bxf5 38. exf5 Qh4 39. Qxh4 Rxh4 40. fxg6 fxg6 41. Rf6 Ra1+ 42. Bf1 Rh5 43. Rg3 Kg7 44. Rf2 Rh4 45. Kg2 Rg4 46. Kh3 Rxg3+ 47. Kxg3 Rb1 48. Kh4 Rxb3 49. Kg5 Rf3 0-1

[Event "XLV Sevilla Open 2020"]
[Site "Sevilla"]
[Date "2020.01.17"]
[Round "8.9"]
[White "Swayams, Mishra"]
[Black "Barrish, Daniel"]
[Result "1/2-1/2"]
[ECO "A06"]
[WhiteElo "2479"]
[BlackElo "2352"]
[Annotator "ChessBase"]
[PlyCount "77"]
[EventDate "2020.01.05"]
[EventType "swiss"]
[EventCountry "ESP"]
[SourceTitle "playchess.com"]
[Source "ChessBase"]
[SourceQuality "1"]
[TimeControl "5400+30"]

1. Nf3 d5 2. g3 c6 3. Bg2 Bg4 4. O-O Nd7 5. d3 e5 6. c4 dxc4 7. dxc4 Ngf6 8. Nc3 Be7 9. h3 Be6 10. b3 h6 11. Qc2 O-O 12. Nh4 Re8 13. Nf5 Bf8 14. g4 Qc7 15. Be3 Rac8 16. Ne4 Nxe4 17. Bxe4 Nc5 18. Bg2 a5 19. Rfd1 Red8 20. Ng3 Rxd1+ 21. Rxd1 b5 22. cxb5 cxb5 23. Rc1 Qb8 24. Qd2 b4 25. Ne4 Nxe4 26. Rxc8 Qxc8 27. Bxe4 h5 28. f3 hxg4 29. hxg4 Bc5 30. Kg2 Bxe3 31. Qxe3 Qc7 32. Qd3 Kf8 33. Qb5 g6 34. Bd3 Kg7 35. Bc4 Bd7 36. Qd5 Be6 37. Qb5 Bd7 38. Qd5 Be6 39. Qb5 1/2-1/2

[Event "XLV Sevilla Open 2020"]
[Site "Sevilla"]
[Date "2020.01.17"]
[Round "8.10"]
[White "Panjwani, Raja"]
[Black "Pingin, Artem"]
[Result "0-1"]
[ECO "A05"]
[WhiteElo "2444"]
[BlackElo "2143"]
[Annotator "ChessBase"]
[PlyCount "78"]
[EventDate "2020.01.05"]
[EventType "swiss"]
[EventCountry "ESP"]
[SourceTitle "playchess.com"]
[Source "ChessBase"]
[SourceQuality "1"]
[TimeControl "5400+30"]

1. Nf3 Nf6 2. g3 e6 3. Bg2 d5 4. O-O Be7 5. d3 O-O 6. Nbd2 c5 7. e4 Nc6 8. e5 Nd7 9. Re1 Qc7 10. Qe2 b5 11. h4 Bb7 12. Nf1 Rfc8 13. Bf4 Nf8 14. h5 h6 15. N1h2 Qd8 16. Ng4 Nh7 17. c3 a5 18. Qd2 Ba6 19. Rac1 Ra7 20. Bf1 b4 21. Qc2 Rd7 22. Bxh6 gxh6 23. d4 Bxf1 24. Nxh6+ Kg7 25. Nxf7 Qg8 26. Qg6+ Kf8 27. Qxe6 Rdc7 28. Qxd5 Bh3 29. e6 Nf6 30. Qg5 cxd4 31. Qb5 Qg4 32. N7g5 Qxh5 33. cxd4 Nxd4 34. Rxc7 Nxf3+ 35. Nxf3 Qxb5 36. Rxc8+ Kg7 37. Kh2 Qf5 38. Rc7 Nd5 39. Rc4 Bg4 0-1

[Event "XLV Sevilla Open 2020"]
[Site "Sevilla"]
[Date "2020.01.17"]
[Round "8.11"]
[White "Polivanov, Anatoliy"]
[Black "Gu, Tianlu"]
[Result "1/2-1/2"]
[ECO "B30"]
[WhiteElo "2420"]
[BlackElo "2255"]
[Annotator "ChessBase"]
[PlyCount "72"]
[EventDate "2020.01.05"]
[EventType "swiss"]
[EventCountry "ESP"]
[SourceTitle "playchess.com"]
[Source "ChessBase"]
[SourceQuality "1"]
[TimeControl "5400+30"]

1. e4 c5 2. Nf3 Nc6 3. c3 Nf6 4. e5 Nd5 5. Bc4 Nb6 6. Bb3 d5 7. exd6 Qxd6 8. Na3 Be6 9. d4 cxd4 10. Nb5 Qd7 11. O-O Bxb3 12. axb3 a6 13. Nbxd4 Nxd4 14. Nxd4 g6 15. b4 Bg7 16. Nb3 Qc7 17. Ra5 Rd8 18. Qf3 O-O 19. Rc5 Qb8 20. Na5 Rd7 21. Re1 e5 22. b5 Qd6 23. b4 Na4 24. Nxb7 Qb6 25. bxa6 e4 26. Qg4 Nxc5 27. Nxc5 Rdd8 28. Nd7 Qxa6 29. Nxf8 Bxc3 30. Ne6 Qxe6 31. Qxe6 fxe6 32. Rf1 Bxb4 33. Be3 Bc3 34. Rc1 Bd4 35. Bxd4 Rxd4 36. Kf1 e3 1/2-1/2

[Event "XLV Sevilla Open 2020"]
[Site "Sevilla"]
[Date "2020.01.17"]
[Round "8.12"]
[White "Pap, Misa"]
[Black "Borsos, Bogdan"]
[Result "1-0"]
[ECO "B60"]
[WhiteElo "2427"]
[BlackElo "2214"]
[Annotator "ChessBase"]
[PlyCount "29"]
[EventDate "2020.01.05"]
[EventType "swiss"]
[EventCountry "ESP"]
[SourceTitle "playchess.com"]
[Source "ChessBase"]
[SourceQuality "1"]
[TimeControl "5400+30"]

1. e4 c5 2. Nf3 Nc6 3. d4 cxd4 4. Nxd4 Nf6 5. Nc3 d6 6. Bg5 Bd7 7. Be2 Qa5 8. Bxf6 gxf6 9. O-O Rc8 10. Nf5 Qc5 11. Nd5 Nb4 12. Bg4 Nxd5 13. exd5 Rg8 14. Re1 Qb4 15. Nxe7 1-0

[Event "XLV Sevilla Open 2020"]
[Site "Sevilla"]
[Date "2020.01.17"]
[Round "8.16"]
[White "Gutierrez Olivares, Daniel"]
[Black "Soldo, Robert"]
[Result "1-0"]
[ECO "A05"]
[WhiteElo "2358"]
[BlackElo "2180"]
[Annotator "ChessBase"]
[PlyCount "106"]
[EventDate "2020.01.05"]
[EventType "swiss"]
[EventCountry "ESP"]
[SourceTitle "playchess.com"]
[Source "ChessBase"]
[SourceQuality "1"]
[TimeControl "5400+30"]

1. Nf3 Nf6 2. g3 b6 3. Bg2 Bb7 4. d3 c5 5. e4 d6 6. O-O e6 7. Re1 Be7 8. Nbd2 O-O 9. Nf1 Nbd7 10. h3 Qc7 11. g4 Ne5 12. N3h2 Ng6 13. f4 Nd7 14. g5 d5 15. Qg4 dxe4 16. dxe4 c4 17. h4 Bd6 18. e5 Bc5+ 19. Be3 Bxg2 20. Kxg2 Ne7 21. Ng3 Bxe3 22. Rxe3 Nc5 23. h5 Rfd8 24. Nf3 Qc6 25. Kh3 g6 26. Qh4 Nf5 27. Nxf5 exf5 28. e6 Nxe6 29. Ne5 Qc5 30. Rae1 Ng7 31. hxg6 fxg6 32. Qh6 Rd1 33. Kg2 Rxe1 34. Rxe1 Nh5 35. Rf1 Nxf4+ 36. Rxf4 Qxe5 37. Rh4 Qc7 38. Rd4 Rd8 39. Qh4 b5 40. Rxd8+ Qxd8 41. Qf4 Kf7 42. Kf2 Qb6+ 43. Kf1 Qc6 44. Kf2 Qc5+ 45. Kf1 Qc6 46. Kf2 b4 47. Qh2 Qc5+ 48. Kf1 Kg7 49. Qh6+ Kg8 50. Qh2 Qe7 51. Qf4 Qc5 52. Qb8+ Kf7 53. Qh8 Qc6 1-0

[Event "XLV Sevilla Open 2020"]
[Site "Sevilla"]
[Date "2020.01.17"]
[Round "8.17"]
[White "Almaryami, Mohamed H."]
[Black "Estremera Panos, Sergio"]
[Result "1/2-1/2"]
[ECO "B23"]
[WhiteElo "2015"]
[BlackElo "2307"]
[Annotator "RC"]
[PlyCount "79"]
[EventDate "2020.01.05"]
[EventType "swiss"]
[EventCountry "ESP"]
[SourceTitle "playchess.com"]
[Source "ChessBase"]
[SourceQuality "1"]
[TimeControl "5400+30"]

1. e4 c5 2. Ne2 Nc6 3. Nbc3 d6 4. g3 g6 5. Bg2 Bg7 6. O-O e6 7. d3 Nge7 8. Bg5 h6 9. Be3 Nd4 10. Qd2 Qa5 11. Rab1 Nec6 12. a3 Nxe2+ 13. Nxe2 Qxd2 14. Bxd2 Bd7 15. c4 Rc8 16. b4 b6 17. b5 Nd4 18. Nxd4 Bxd4 19. a4 Kd8 20. a5 Kc7 21. h4 e5 22. Kh2 g5 23. Bh3 gxh4 24. gxh4 h5 25. Rg1 Rh7 26. Rg2 Bxh3 27. Kxh3 Kd7 28. Rg5 Ke6 29. Rbg1 bxa5 30. Rg8 Rh8 31. Rxc8 Rxc8 32. Bxa5 Bxf2 33. Rg5 Rh8 34. Bd2 Bd4 35. Kg2 Bb2 36. Kf3 Bd4 37. Ke2 Bb2 38. Kd1 Bd4 39. Be1 Rb8 40. Rg2 1/2-1/2

[Event "XLV Sevilla Open 2020"]
[Site "Sevilla"]
[Date "2020.01.18"]
[Round "9.1"]
[White "Li, Di"]
[Black "Shevchenko, Kirill"]
[Result "0-1"]
[ECO "A05"]
[WhiteElo "2562"]
[BlackElo "2553"]
[Annotator "RC"]
[PlyCount "126"]
[EventDate "2020.01.05"]
[EventType "swiss"]
[EventCountry "ESP"]
[SourceTitle "playchess.com"]
[Source "ChessBase"]
[SourceQuality "1"]
[TimeControl "5400+30"]

1. Nf3 Nf6 2. c4 g6 3. Nc3 d5 4. cxd5 Nxd5 5. h4 Bg7 6. e4 Nxc3 7. dxc3 Qxd1+ 8. Kxd1 Nd7 9. Nd4 c6 10. f3 h5 11. Be3 Bh6 12. Bf2 Bf4 13. a4 a5 14. Kc2 Bc7 15. Nb3 Nf8 16. Nd2 Be6 17. Bd4 f6 18. Be2 Nd7 19. Nc4 Bxc4 20. Bxc4 e5 21. Be3 Bb6 22. Bd2 Ke7 23. Rh3 Nf8 24. Rf1 Ne6 25. g3 Raf8 26. Rh2 Nc5 27. b3 Kd6 28. Re2 Nd7 29. Bc1 Bc5 30. Rd2+ Ke7 31. Re1 Nb6 32. Bf1 g5 33. Be2 Rfg8 34. Bd1 gxh4 35. gxh4 Rg3 36. Rh2 Nd7 37. Rf1 Bd6 38. Be3 Nc5 39. Bf2 Rg7 40. Be2 Ne6 41. Bb6 Ra8 42. Be3 Rh8 43. Bc4 Bc5 44. Bc1 Rhg8 45. Re2 Rg1 46. Rxg1 Rxg1 47. Rh2 Nf4 48. Bd2 Rg2 49. Rxg2 Nxg2 50. b4 Bb6 51. Kd1 Nxh4 52. Ke2 Ng2 53. Kf1 Be3 54. Kxg2 Bxd2 55. bxa5 Bxc3 56. a6 bxa6 57. Bxa6 Kd6 58. Kh3 Be1 59. Bc4 Kc5 60. Bf7 Kd4 61. a5 Bxa5 62. Kh4 c5 63. Kxh5 Bd2 0-1

[Event "XLV Sevilla Open 2020"]
[Site "Sevilla"]
[Date "2020.01.18"]
[Round "9.5"]
[White "Pingin, Artem"]
[Black "Matamoros Franco, Carlos S."]
[Result "0-1"]
[ECO "B32"]
[WhiteElo "2143"]
[BlackElo "2487"]
[Annotator "ChessBase"]
[PlyCount "98"]
[EventDate "2020.01.05"]
[EventType "swiss"]
[EventCountry "ESP"]
[SourceTitle "playchess.com"]
[Source "ChessBase"]
[SourceQuality "1"]
[TimeControl "5400+30"]

1. e4 c5 2. Nf3 Nc6 3. d4 cxd4 4. Nxd4 e5 5. Nb5 d6 6. c4 Be7 7. N5c3 Nf6 8. Bd3 Nd7 9. Nd5 Nc5 10. Nbc3 O-O 11. Nxe7+ Qxe7 12. O-O f5 13. exf5 Nxd3 14. Qxd3 Bxf5 15. Qg3 Qe6 16. Nd5 Nd4 17. Kh1 Be4 18. Be3 Nf5 19. Qg4 Bxd5 20. cxd5 Qxd5 21. Rfd1 Qb5 22. Qe4 Rf6 23. Bg5 Rf7 24. Rd2 h6 25. Be3 Qc6 26. Qxc6 bxc6 27. g4 Nxe3 28. fxe3 d5 29. Rc1 Rf6 30. Rdc2 Rb8 31. Rxc6 Rxb2 32. Rxf6 gxf6 33. Rc5 Rxa2 34. Rxd5 Kf7 35. Kg1 Kg6 36. Rd7 a5 37. Ra7 h5 38. h3 hxg4 39. hxg4 a4 40. Ra8 a3 41. Rg8+ Kh6 42. g5+ fxg5 43. Ra8 Kh5 44. Ra4 g4 45. Ra5 Kh4 46. Rxe5 Rb2 47. Ra5 a2 48. e4 Rb1+ 49. Kg2 a1=Q 0-1